 Dungeon Crawl Stone Soup version 0.28.0-45-g0d030f2227 (webtiles) character file.

Game seed: 1903867781065149520

52 Zeld the Insei (level 3, 0/24 HPs)
             Began as an Octopode Transmuter on Apr 12, 2022.
             Hit by a stone thrown by a gnoll (5 damage)
             ... on level 2 of the Dungeon.
             The game lasted 00:01:47 (2443 turns).

Zeld the Insei (Octopode Transmuter)                Turns: 2443, Time: 00:01:47

Health: 0/24       AC:  1    Str: 11    XL:     3   Next: 85%
Magic:  6/6        EV: 13    Int: 15    God:
Gold:   9          SH:  0    Dex: 12    Spells: 0/6 levels left

rFire   . . .      SeeInvis .     - Unarmed
rCold   . . .      Faith    .   (no shield)
rNeg    . . .      Spirit   .   (helmet restricted)
rPois   .          Reflect  .   (no amulet)
rElec   .          Harm     .   (no ring)
rCorr   .          Rampage  .   (no ring)
Will    .....                   (no ring)
Stlth   +++.......              (no ring)
HPRegen 0.08/turn               (no ring)
MPRegen 0.10/turn               (no ring)
                                (no ring)
                                (no ring)

@: no status effects
A: almost no armour, amphibious, 8 rings, camouflage 1, gelatinous body 1,
(nimble swimmer 1), tentacles
a: no special abilities


You were on level 2 of the Dungeon.
You visited 1 branch of the dungeon, and saw 2 of its levels.

You collected 9 gold pieces.

Inventory:

Scrolls
 b - a scroll of magic mapping {unknown}
 c - a scroll of blinking {unknown}
 d - a scroll of teleportation {unknown}
Potions
 a - a potion of degeneration {unknown}


   Skills:
 + Level 1.6 Fighting
 - Level 2.0 Dodging
 + Level 1.8 Stealth
 - Level 3.0 Unarmed Combat
 + Level 2.3 Spellcasting
 * Level 2.9 Transmutations
 + Level 0.7 Poison Magic


You couldn't memorise any spells.
You knew the following spells:

 Your Spells              Type           Power      Damage    Failure   Level
a - Beastly Appendage     Tmut           20%        N/A       6%          1
b - Wereblood             Tmut           10%        N/A       10%         2
c - Spider Form           Tmut/Pois      7%         N/A       30%         3

Your spell library contained the following spells:

 Spells                   Type           Power      Damage    Failure   Level
 Blink                    Tloc           2%         N/A       32%         2
 Ice Form                 Ice/Tmut       6%         N/A       75%         4
 Manifold Assault         Tloc           1%         N/A       99%         5
 Storm Form               Tmut/Air       3%         N/A       100%        7


Dungeon Overview and Level Annotations

Branches:
Dungeon (2/15)

Altars:


Innate Abilities, Weirdness & Mutations

You cannot wear most types of armour.
You are amphibious.
You can wear up to eight rings at the same time.
Your skin changes colour to match your surroundings (Stealth+).
Your rubbery body absorbs attacks. (AC +1, EV +1)
((You are camouflaged when in or above water. (Stealth+)))
You have tentacles for arms and can constrict up to eight enemies at once.


Message History

The bat hits you but does no damage.
A bat is nearby!
You closely miss the bat. You grab the bat.
The bat is severely wounded.
You constrict the bat.
You kill the bat!
A gnoll is nearby!
A gnoll is nearby!
A gnoll is nearby!
Casting: Beastly Appendage (safe; 6% risk of failure)
Confirm with . or Enter, or press ? or * to list all spells.
The spell is extremely dangerous to miscast (30% risk of failure)!
Continue anyway?
You turn into a venomous arachnid creature.
The gnoll shouts!
The gnoll completely misses you.
You barely miss the gnoll. The gnoll barely misses you.
You hit the gnoll but do no damage.
The gnoll is poisoned.
The gnoll barely misses you.
You barely miss the gnoll. The gnoll hits you with a +0 halberd!
Ouch! That really hurt!
You are too injured to fight recklessly!
You are too injured to fight recklessly!
The gnoll throws a stone.
The stone misses you.
You see here a scroll labelled RUHEAQUINE.
The gnoll throws a stone.
The stone closely misses you.
Your transformation is almost over.
You see here a book of Changes.
The gnoll throws a stone.
The stone completely misses you.
You see here a +0 club.
The gnoll throws a stone.
The stone completely misses you.
Your transformation has ended.
The gnoll looks more healthy.
The gnoll throws a stone.
The stone hits you.
The gnoll throws a stone.
The stone hits you.
* * * LOW HITPOINT WARNING * * *
The gnoll shouts!
The gnoll hits you from afar with a +0 spear.
* * * LOW HITPOINT WARNING * * *
The gnoll throws a stone.
The stone hits you.
You die...

# #< ##.#######
#........
####..#....#### #
#.............#.#
##.##......?.#<#.#
#................##
#.@###.............
#..# ##...#........
#..# ##...:......#
#..# ####.##.##.#
###gg########)##[# .#
#.............##.##.#
#.#.................
#.#.#######.########
#.#.# ##.#######


You could see 2 gnolls.

Vanquished Creatures
  An adder (D:1)
  A gnoll (D:2)
  A dart slug (D:1)
  5 endoplasms
  3 giant cockroaches (D:1)
  3 jackals (D:1)
  2 quokkas (D:2)
  2 ball pythons (D:1)
  3 bats
  2 frilled lizards (D:1)
  3 kobolds (D:1)
  5 rats (D:1)
31 creatures vanquished.

Notes
Turn   | Place    | Note
-------+----------+-------------------------------------------
     0 | D:1      | Zeld the Octopode Transmuter began the quest for the Orb.
     0 | D:1      | Reached XP level 1. HP: 13/13 MP: 3/3
   293 | D:1      | Reached XP level 2. HP: 14/18 MP: 5/5
   296 | D:1      | Learned a level 2 spell: Wereblood
   442 | D:1      | Reached skill level 1 in Stealth
   943 | D:1      | Reached XP level 3. HP: 23/23 MP: 4/6
   968 | D:1      | Found a faded altar of an unknown god.
  1382 | D:1      | Learned a level 3 spell: Spider Form
  1431 | D:2      | HP: 1/23 [gnoll/+0 halberd (11)]
  2443 | D:2      | Hit by a stone thrown by a gnoll

Illustrated notes

Levels and vault maps discovered:
D:1:      ebering_hopf_link, layout_basic, shapermc_ecumenical_altar_ellora
D:2:      layout_loops_ring, uniq_sigmund

Skill      XL: |  1  2 |
---------------+-------+-----
Stealth        | 1 |  1.8
Fighting       | |  1.6
Dodging        | |  2.0
Unarmed Combat | |  3.0
Spellcasting   | |  2.3
Transmutations | |  2.9
Poison Magic   | |  0.7

Action                   || total
-------------------------++-------
Melee: Unarmed           ||    76
       Constrict         ||    16
       Kick              ||    14
       Tentacles         ||     8
       Punch             ||     2
 Cast: Beastly Appendage ||    19
       Spider Form       ||     4
 Stab: Sleeping          ||     8
Armor: Skin              ||    10
Dodge: Dodged            ||    66
